Map: Romanticide LE

Players

Osiris - Winner!

  • Race: Terran Terran
  • League: Diamond
  • Spawn Location: 11:00

Happy

  • Race: Terran Terran
  • League: Diamond
  • Spawn Location: 5:00

VOD

Have the link to the VOD?

Description

Time

  • Played on: Jan. 3, 2021, 10:39 a.m.
  • Length: 11:29
Show
View Real Time Build Order
Export as new Build Order

Osiris Terran - Winner!

Build Orders:  

Get SALT Encoding   

  12  0:00  SCV  
  13  0:12  SCV  
  14  0:18  Refinery  
  14  0:24  Supply Depot  
  14  0:28  SCV  
  15  0:46  SCV  
  15  0:48  Barracks  
  16  0:54  Refinery  
  16  0:58  SCV  
  17  1:10  SCV  
  18  1:22  SCV  
  19  1:36  Reaper  
  19  1:38  Orbital Command  
  20  1:45  Factory  
  20  1:57  Supply Depot  
  20  2:04  SCV  
  22  2:08  Reaper  
  22  2:19  SCV  
  23  2:28  Hellion  
  25  2:31  SCV  
  26  2:39  Command Center  
  26  2:41  Reaper  
  27  2:50  SCV  
  28  2:52  Hellion  
  28  2:56  Starport  
  30  3:02  SCV  
  28  3:22  SCV  
  28  3:24  Factory Tech Lab, Barracks Reactor  
  29  3:33  Supply Depot  
  29  3:35  SCV, Starport Tech Lab  
  30  3:48  SCV  
  31  3:51  Siege Tank  
  34  4:00  Marine x2  
  34  4:01  Raven  
  38  4:03  Orbital Command, SCV  
  38  4:05  Refinery  
  39  4:18  Command Center  
  39  4:20  SCV  
  41  4:29  Siege Tank  
  43  4:32  SCV  
  43  4:33  SCV  
  45  4:44  Marine x2, SCV  
  41  5:22  SCV x2  
  40  5:31  Marine x2, Siege Tank, Raven  
  40  5:34  SCV  
  48  5:38  Refinery  
  48  5:41  Refinery  
  48  5:43  SCV  
  48  5:45  Barracks  
  48  5:46  SCV  
  48  5:47  Barracks  
  50  5:52  Marine x2  
  50  5:55  SCV  
  53  5:59  SCV  
  54  6:07  SCV, Siege Tank  
  54  6:08  Orbital Command  
  58  6:13  Supply Depot  
  57  6:25  SCV  
  56  6:31  SCV  
  58  6:34  Barracks Reactor  
  58  6:35  Barracks Reactor, Stimpack  
  58  6:37  Viking  
  58  6:38  SCV  
  60  6:45  Viking  
  62  6:48  SCV  
  63  6:55  Marine, Siege Tank  
  63  6:56  SCV  
  63  6:57  SCV  
  69  7:04  SCV, Supply Depot  
  69  7:05  Supply Depot  
  69  7:08  SCV  
  71  7:09  Viking  
  71  7:10  SCV  
  74  7:16  Marine x3  
  77  7:25  Orbital Command, Marine  
  77  7:26  SCV x2, Viking  
  77  7:28  Supply Depot  
  77  7:29  Supply Depot  
  82  7:31  Marine  
  82  7:32  Siege Tank  
  86  7:53  Marine x4  
  86  7:54  Marine, Viking  
  86  7:55  SCV  
  86  7:58  Supply Depot x2  
  94  8:01  Engineering Bay, SCV x2  
  94  8:03  Engineering Bay  
  94  8:05  Barracks  
  96  8:07  SCV  
  96  8:08  Barracks  
  96  8:09  Viking  
  96  8:11  Siege Tank  
  102  8:18  SCV  
  102  8:19  SCV  
  104  8:27  Terran Infantry Weapons Level 1  
  104  8:32  Supply Depot  
  104  8:34  Terran Infantry Armor Level 1  
  104  8:37  SCV  
  104  8:41  Marine x3, Sensor Tower, Viking x2  
  109  8:42  Marine x2  
  109  8:44  SCV  
  115  8:48  Refinery x2  
  115  8:52  Factory  
  115  8:53  Siege Tank  
  118  8:56  SCV  
  118  8:57  SCV  
  118  9:01  Combat Shield  
  118  9:02  Marine, Barracks Reactor  
  121  9:07  SCV  
  122  9:10  Marine x3, Barracks Reactor  
  125  9:22  Marine x2  
  111  9:28  Marine x3  
  107  9:31  Siege Tank  
  107  9:36  SCV x3  
  110  9:39  Marine x2  
  110  9:40  Marine x2  
  110  9:41  Factory Tech Lab  
  110  9:42  Medivac x2  
  118  9:46  Marine  
  118  9:48  SCV  
  118  9:49  Marine x4  
  124  9:54  SCV, Armory, Supply Depot  
  124  9:55  SCV  
  124  9:57  Marine, Supply Depot  
  127  10:00  SCV  
  127  10:06  Marine x4  
  127  10:07  SCV  
  133  10:15  Marine x2, SCV x2, Siege Tank  
  133  10:18  Supply Depot  
  133  10:19  Siege Tank  
  133  10:20  Supply Depot  
  140  10:31  Marine x4  
  140  10:32  Marine  
  140  10:34  Marine x3  
  140  10:35  Marine, Viking x2  
  138  10:45  SCV  
  138  10:49  Marine x2  
  140  10:55  Marine x5  
  140  10:56  Marine, Siege Tank x2  
  140  10:57  SCV x3  
  142  11:07  Marine x3  
Show
View Real Time Build Order
Export as new Build Order

Happy Terran 

Build Orders:  

Get SALT Encoding   

  12  0:00  SCV  
  13  0:13  SCV  
  14  0:17  Supply Depot  
  14  0:25  SCV  
  14  0:27  Refinery  
  15  0:39  SCV  
  16  0:44  Barracks  
  16  0:51  SCV  
  16  0:55  Refinery  
  17  1:03  SCV  
  18  1:15  SCV  
  19  1:31  Orbital Command, Reaper  
  20  1:41  Factory  
  20  1:47  Supply Depot  
  20  1:59  SCV  
  21  2:04  Reaper  
  22  2:13  SCV  
  23  2:25  Hellion  
  23  2:27  SCV  
  26  2:34  Command Center  
  26  2:37  Barracks Reactor  
  26  2:39  SCV  
  27  2:49  Starport  
  27  2:55  SCV  
  28  2:58  Factory Tech Lab  
  28  2:59  Supply Depot  
  28  3:07  SCV  
  29  3:19  SCV  
  26  3:21  Siege Tank  
  26  3:22  Marine x2  
  31  3:31  SCV  
  31  3:32  Medivac  
  34  3:41  Marine x2  
  34  3:43  SCV  
  34  3:46  Orbital Command  
  35  4:01  Marine x2  
  37  4:18  Cyclone  
  37  4:19  Marine x2, Starport Tech Lab  
  37  4:20  SCV x2  
  44  4:32  SCV x2  
  44  4:38  Refinery  
  46  4:39  Command Center  
  46  4:42  Marine  
  46  4:44  SCV  
  46  4:45  SCV  
  49  4:47  Marine  
  49  4:50  Raven  
  46  5:15  Marine  
  46  5:16  Marine  
  46  5:17  Siege Tank  
  46  5:18  SCV x2  
  53  5:24  Barracks x2  
  52  5:33  Marine  
  50  5:38  SCV x2  
  52  5:43  Engineering Bay  
  52  5:50  SCV  
  52  5:51  SCV  
  52  5:55  Engineering Bay x2  
  52  5:56  Supply Depot  
  54  5:58  Supply Depot x2  
  54  6:01  Marine x2  
  54  6:03  SCV x2  
  58  6:15  SCV x2, Siege Tank, Raven  
  65  6:20  Orbital Command  
  65  6:24  Refinery  
  65  6:27  SCV  
  66  6:35  Engineering Bay  
  66  6:36  Supply Depot  
  66  6:39  Barracks Reactor  
  66  6:40  Barracks Reactor  
  66  6:42  SCV x2  
  66  6:46  Supply Depot  
  68  6:50  Siege Tank  
  68  6:53  Terran Infantry Weapons Level 1  
  71  6:54  SCV x2  
  73  7:05  Orbital Command, Stimpack  
  73  7:06  Marine, SCV x2  
  76  7:16  Marine x2  
  76  7:17  Marine x2  
  76  7:18  SCV x2  
  76  7:19  Terran Infantry Armor Level 1  
  82  7:23  Marine  
  82  7:25  Siege Tank  
  86  7:30  SCV  
  86  7:34  Marine, SCV  
  86  7:35  SCV, Refinery  
  90  7:39  Refinery  
  90  7:40  Sensor Tower  
  90  7:42  SCV  
  91  7:46  SCV  
  91  7:47  SCV  
  93  7:52  Supply Depot  
  93  7:54  SCV  
  93  7:58  SCV  
  95  7:59  SCV  
  95  8:01  Armory  
  95  8:02  Viking x2  
  100  8:06  SCV  
  100  8:10  SCV  
  100  8:11  SCV  
  103  8:16  Marine x5  
  103  8:17  Siege Tank  
  103  8:19  SCV  
  112  8:22  SCV  
  112  8:24  SCV  
  114  8:33  Supply Depot  
  114  8:34  Marine x2  
  115  8:39  Marine  
  117  8:46  Barracks  
  117  8:48  Marine x2, Viking x2  
  123  8:51  Marine x2  
  123  8:53  Barracks  
  123  8:55  Terran Infantry Weapons Level 2, SCV, Siege Tank  
  129  8:57  Marine  
  130  9:06  Marine x2  
  130  9:09  Marine  
  133  9:13  Marine  
  133  9:14  Marine  
  132  9:23  Marine x2  
  110  9:27  Marine, Siege Tank  
  110  9:31  Marine  
  102  9:32  Marine  
  102  9:33  Medivac x2  
  102  9:37  Barracks Tech Lab  
  98  9:41  Marine x2  
  98  9:43  Barracks Tech Lab  
  98  9:44  Command Center  
  98  9:45  Marine, SCV x2, Command Center  
  102  9:46  SCV  
  102  9:48  Marine  
  102  9:50  Marine  
  106  9:54  Supply Depot  
  106  9:57  SCV  
  107  10:02  Medivac  
  107  10:03  Medivac, Siege Tank  
  107  10:04  Marauder x2  
  107  10:05  Marine  
  119  10:09  Marine x2  
  119  10:10  Marine  
  119  10:13  Marauder  
  119  10:14  Concussive Shells  
  124  10:18  SCV x2  
  121  10:31  Orbital Command  
  91  10:37  Marine  
  91  10:38  Marine x2  
  81  10:56  Marine  
  67  10:57  Marine x6  
  67  10:58  Medivac x2  
Tags
 
Matchup
TvT
Race
Terran
Spawn Locations
Cross Positions
Add a new tag
Caveats
  • Supply blocks, unpowered buildings, or Contaminate may cause inaccurate times.
  • Supply counts are checked every 10 seconds.